 Dungeon Crawl Stone Soup version 0.22-a0-601-gb0ed703 (webtiles) character file.

8932 Lianjan the Grappler (level 11, -3/99 HPs)
             Began as a Ghoul Monk on July 6, 2018.
             Was a Believer of Qazlal.
             Slain by a river rat (5 damage)
             ... summoned by Gastronok
             ... on level 1 of the Lair of Beasts.
             The game lasted 00:20:33 (10379 turns).

Lianjan the Grappler (Ghoul Monk)                  Turns: 10379, Time: 00:20:33

Health: -3/99      AC: 14    Str: 19    XL:     11   Next: 38%
Magic:  13/13      EV:  8    Int:  5    God:    Qazlal [**....]
Gold:   598        SH:  3    Dex: 11    Spells: 10/10 levels left

rFire    . . .     SeeInvis .   O - +0 blowgun
rCold    + + .     Gourm    .   (no shield)
rNeg     + + +     Faith    .   m - +0 chain mail
rPois    ∞         Spirit   .   l - +0 helmet
rElec    .         Reflect  .   L - +2 cloak
rCorr    .         Harm     .   (no gloves)
MR       .....                  (no boots)
Stlth    ..........             B - amulet of magic regeneration
HPRegen  0.00/turn              t - ring of protection from cold
MPRegen  0.38/turn              J - ring of flight

@: rotting, slowed, very slow
A: rotting body, claws 1, carnivore, cold resistance 1, negative energy
resistance 3, inhibited regeneration, torment resistance, unbreathing
a: Upheaval, Renounce Religion, Evoke Flight


You were on level 1 of the Lair of Beasts.
You worshipped Qazlal.
Qazlal was pleased with you.
You were not hungry.

You visited 3 branches of the dungeon, and saw 13 of its levels.

You collected 598 gold pieces.

Inventory:

Hand Weapons
 i - a +1 hunting sling
 O - a +0 blowgun (weapon)
Missiles
 c - 4 poisoned needles (quivered)
 e - 480 stones
 h - 7 javelins of returning
 A - 82 sling bullets
Armour
 l - a +0 helmet (worn)
 m - a +0 chain mail (worn)
 y - a scarf of resistance
 L - a +2 cloak (worn)
Jewellery
 t - a ring of protection from cold (left claw)
 B - an amulet of magic regeneration (around neck)
 J - a ring of flight (right claw)
 K - an uncursed ring of ice
Wands
 a - a wand of iceblast (5)
 s - a wand of digging (15)
 u - a wand of paralysis (12)
 v - a wand of enslavement (7)
 x - a wand of random effects (32)
 I - a wand of acid (9)
Scrolls
 g - 4 scrolls of enchant weapon
 k - 5 scrolls of teleportation
 p - 5 scrolls of remove curse
 z - a scroll of magic mapping
 D - 4 scrolls of identify
 H - a scroll of holy word {unknown}
 N - a scroll of silence {unknown}
Potions
 f - 2 potions of agility
 j - 2 potions of flight
 n - 4 potions of might {unknown}
 o - a potion of magic {unknown}
 q - a potion of cancellation {unknown}
 r - 2 potions of heal wounds
 w - a potion of lignification {unknown}
 C - a potion of mutation {unknown}
 E - 2 potions of degeneration {unknown}
 F - a potion of berserk rage {unknown}
 G - a potion of ambrosia {unknown}
Comestibles
 b - 16 rations


   Skills:
 + Level 10.0 Fighting
 + Level 6.4 Armour
 - Level 2.6 Dodging
 - Level 2.1 Stealth
 * Level 13.6 Unarmed Combat
 + Level 4.8 Invocations


You had 10 spell levels left.
You didn't know any spells.
Your spell library contained the following spells:

 Spells                   Type           Power        Failure   Level  Hunger
 Cause Fear               Hex            #.........   100%        4    #####..
 Magic Dart               Conj           #...         99%         1    ##.....
 Apportation              Tloc           #.....       99%         1    ##.....
 Lightning Bolt           Conj/Air       #.........   100%        5    ######.
 Slow                     Hex            #.......     100%        2    ###....
 Summon Small Mammal      Summ           #...         99%         1    ##.....
 Iskenderun's Mystic Bla  Conj           #.......     100%        4    #####..
 Animate Skeleton         Necr           N/A          99%         1    ##.....
 Summon Ice Beast         Ice/Summ       #.......     100%        4    #####..
 Call Imp                 Summ           #.......     100%        2    ###....
 Confusing Touch          Hex            #.....       99%         1    ##.....
 Call Canine Familiar     Summ           #.......     100%        3    ####...
 Shatter                  Erth           #.........   100%        9    #######
 Static Discharge         Conj/Air       #.......     100%        3    ####...
 Corona                   Hex            #......      99%         1    ##.....
 Portal Projectile        Hex/Tloc       #.....       100%        3    ####...
 Tornado                  Air            #.........   100%        9    #######
 Leda's Liquefaction      Hex/Erth       #.........   100%        4    #####..
 Inner Flame              Hex/Fire       #.......     100%        3    ####...
 Fulminant Prism          Conj/Hex       #.........   100%        4    #####..
 Dazzling Spray           Conj/Hex       #.....       100%        3    ####...
 Force Lance              Conj/Tloc      #.......     100%        4    #####..
 Searing Ray              Conj           #.....       100%        2    ###....
 Summon Lightning Spire   Summ/Air       #.......     100%        4    #####..
 Summon Guardian Golem    Hex/Summ       #.......     100%        3    ####...
 Ignition                 Fire           #.........   100%        8    #######


Dungeon Overview and Level Annotations

Branches:
Dungeon (11/15)            Temple (1/1) D:7            Lair (1/6) D:9
    Orc (0/2) D:9

Altars:
Ashenzari
Cheibriados
Dithmenos
Elyvilon
Fedhas
Gozag
Hepliaklqana
Kikubaaqudgha
Makhleb
Nemelex Xobeh
Okawaru
Qazlal
Ru
Sif Muna
Trog
Uskayaw
Vehumet
Wu Jian
Xom
Yredelemnul
Zin
The Shining One

Shops:
D:5 (

Annotations:
D:4 1 runed door
D:7 3 runed doors, ReploidZero's ghost, novice MfSk
Lair:1 exclusion: oklob plant, Gastronok


Innate Abilities, Weirdness & Mutations

Your body is rotting away.
You thrive on raw meat.
You are immune to poison.
You have sharp fingernails.
You are carnivorous and can eat meat at any time.
Your flesh is cold resistant. (rC+)
You are immune to negative energy. (rN+++)
You do not regenerate when monsters are visible.
You are immune to unholy pain and torment.
You can survive without breathing.


Message History

Gastronok is heavily wounded.
The river rat bites you.
* * * LOW HITPOINT WARNING * * *
The river rat closely misses you.
Gastronok waves his eye-stalks in wide circles.
The air twists around and strikes you!
* * * LOW HITPOINT WARNING * * *
The river rat barely misses you.
Gastronok is no longer moving quickly.
The river rat bites you but does no damage.
The river rat closely misses you.
The river rat bites you but does no damage.
The river rat bites you but does no damage.
All of the chunks of flesh in your inventory have rotted away.
The river rat closely misses you.
Gastronok chants a spell, wobbling all the while.
Gastronok puts on a burst of speed!
The river rat bites you but does no damage.
The river rat bites you.
You die...

.#.r...........# ##..8.##.......#
..#....#(?....####........#.....#
.......#.(....##.....8....##.....
##......##....##...###.#...##....
##P....##....##...# #####...##.#.
.##.<.......(#...####.###....##.#
..#..............##..........####
.......##........§.............+.
.......##...8...@r8..>..8.....8..
.......#.#.'............w........
..###########...(.#.....##w...###
### ##...(###.####...## #
##..(##.####...## #
##..(##.##....#####
#.....8.....#.....
###..((....#......
##..>.###.......


You could see a river rat.

Vanquished Creatures
  A two-headed ogre (D:9)
  Pikel (D:6)
  An elephant (D:9)
  3 spiny frogs (Lair:1)
  Maurice (D:10)
  2 hippogriffs
  3 hogs (D:7)
  A yak (D:7)
  Grum (D:8)
  A human (D:7)
  2 basilisks
  A water moccasin (D:5)
  Edmund (D:4)
  Duvessa (D:7)
  A porcupine (Lair:1)
  2 sky beasts
  3 phantoms
  2 ice beasts
  4 orc warriors
  3 slaves (D:6)
  A centaur (D:10)
  4 wolves
  4 ogres
  2 crocodiles
  A big kobold (D:8)
  11 bullfrogs
  Dowan (D:7)
  A scorpion (D:8)
  4 killer bees (D:8)
  3 wights
  A howler monkey (D:8)
  3 crimson imps
  2 quasits
  2 jellies (D:5)
  4 orc priests
  3 hounds
  7 orc wizards
  A bullfrog skeleton (D:10)
  2 centaur skeletons
  An iron imp (D:7)
  2 iguanas
  Ijyb (D:4)
  10 worker ants
  A hound skeleton (D:7)
  A howler monkey zombie (D:7)
  2 worker ant zombies
  Robin (D:1)
  3 gnolls (D:6)
  9 adders
  A shadow imp (D:5)
  An ooze (D:3)
  An adder zombie (D:6)
  4 worms
  2 dart slugs (D:2)
  5 leopard geckos
  42 orcs
  A ball python (D:4)
  5 giant cockroaches
  14 goblins
  12 hobgoblins
  6 jackals
  3 quokkas
  5 bats
  6 frilled lizards
  A jackal zombie (D:9)
  8 kobolds
  A quokka skeleton (D:4)
  A quokka zombie (D:5)
  11 rats
  A spectral orc (D:6)
254 creatures vanquished.

Vanquished Creatures (others)
  A worker ant (D:6)
1 creature vanquished.

Grand Total: 255 creatures vanquished

Notes
Turn   | Place    | Note
-------+----------+-------------------------------------------
     0 | D:1      | Lianjan the Ghoul Monk began the quest for the Orb.
     0 | D:1      | Reached XP level 1. HP: 19/19 MP: 0/0
   328 | D:1      | Reached XP level 2. HP: 20/26 MP: 1/1
   447 | D:1      | Reached skill level 4 in Unarmed Combat
   763 | D:2      | Reached XP level 3. HP: 30/31 MP: 2/2
   946 | D:2      | Noticed Robin
   949 | D:2      | Reached skill level 5 in Unarmed Combat
   978 | D:1      | Killed Robin
   978 | D:1      | Reached XP level 4. HP: 20/39 MP: 3/3
  1479 | D:3      | Reached XP level 5. HP: 44/46 MP: 4/4
  1535 | D:3      | Reached skill level 6 in Unarmed Combat
  2110 | D:4      | Reached XP level 6. HP: 53/53 MP: 5/5
  2119 | D:4      | Noticed Edmund
  2151 | D:4      | Killed Edmund
  2151 | D:4      | Reached skill level 7 in Unarmed Combat
  2662 | D:4      | Reached skill level 5 in Fighting
  2947 | D:4      | Noticed Ijyb
  2950 | D:4      | Paralysed by Ijyb for 5 turns
  2964 | D:4      | Killed Ijyb
  2964 | D:4      | Reached XP level 7. HP: 57/61 MP: 6/6
  3062 | D:4      | Found a runed door.
  3095 | D:5      | Entered Level 5 of the Dungeon
  3219 | D:5      | Reached skill level 8 in Unarmed Combat
  3251 | D:5      | Found an ancient bone altar of Kikubaaqudgha.
  3385 | D:5      | Found a white marble altar of Elyvilon.
  3715 | D:5      | Found Wuizog's Weapon Emporium.
  3804 | D:6      | Reached XP level 8. HP: 60/70 MP: 7/7
  3878 | D:6      | Reached skill level 9 in Unarmed Combat
  4028 | D:6      | Reached skill level 1 in Armour
  4104 | D:6      | Found an ornate altar of the Wu Jian Council.
  4108 | D:6      | Found a glowing golden altar of the Shining One.
  4564 | D:6      | Found a basalt altar of Yredelemnul.
  4604 | D:6      | Reached skill level 10 in Unarmed Combat
  4628 | D:6      | Noticed a hippogriff
  4640 | D:6      | Killed a hippogriff
  4640 | D:6      | Reached XP level 9. HP: 23/79 MP: 8/8
  4904 | D:6      | Noticed Pikel
  4959 | D:6      | Killed Pikel
  5181 | D:7      | Reached skill level 11 in Unarmed Combat
  5360 | D:7      | Found a staircase to the Ecumenical Temple.
  5363 | D:7      | Found a shadowy altar of Dithmenos.
  5365 | D:7      | Noticed Dowan
  5370 | D:7      | Noticed Duvessa
  5373 | Temple   | Entered the Ecumenical Temple
  5427 | Temple   | Became a worshipper of Qazlal Stormbringer
  5427 | Temple   | Reached * piety under Qazlal
  5427 | Temple   | Reached ** piety under Qazlal
  5479 | D:7      | Killed Duvessa
  5495 | D:7      | Killed Dowan
  5533 | D:7      | Found a hazy altar of Hepliaklqana.
  5551 | D:7      | Found a snail-covered altar of Cheibriados.
  5707 | D:7      | Found a runed gate.
  5707 | D:7      | Found a runed gate.
  5707 | D:7      | Found a runed gate.
  5709 | D:7      | Noticed ReploidZero's ghost (novice MfSk)
  5829 | D:7      | Reached XP level 10. HP: 44/90 MP: 9/9
  6106 | D:7      | Reached skill level 12 in Unarmed Combat
  6341 | D:8      | Noticed Grum
  6369 | D:7      | Reached skill level 1 in Invocations
  6593 | D:8      | Killed Grum
  6593 | D:8      | Reached skill level 5 in Armour
  7154 | D:8      | Found a sparkling altar of Nemelex Xobeh.
  7233 | D:8      | Found a deep blue altar of Sif Muna.
  7647 | D:8      | Found a shimmering altar of Xom.
  7648 | D:8      | Found a shimmering altar of Xom.
  8156 | D:9      | Reached *** piety under Qazlal
  8243 | D:9      | Found a staircase to the Orcish Mines.
  8428 | D:9      | Found a staircase to the Lair.
  8428 | D:9      | Noticed an elephant
  8444 | D:9      | Killed an elephant
  8734 | D:9      | Reached skill level 13 in Unarmed Combat
  8872 | D:9      | Noticed a two-headed ogre
  8879 | D:9      | Killed a two-headed ogre
  8879 | D:9      | Reached XP level 11. HP: 56/99 MP: 11/13
  9030 | D:10     | Entered Level 10 of the Dungeon
  9225 | D:10     | Noticed Maurice
  9243 | D:10     | Killed Maurice
  9838 | Lair:1   | Entered Level 1 of the Lair of Beasts
  9877 | Lair:1   | Reached skill level 10 in Fighting
 10197 | Lair:1   | Noticed an oklob plant
 10217 | Lair:1   | Noticed Gastronok
 10367 | Lair:1   | HP: 2/99 [Gastronok/the air (21)]
 10379 | Lair:1   | Slain by a river rat

Vault maps used:
D:1:      minmay_arrival_hallway, minmay_fountain_box
D:2:      uniq_robin
D:3:      serial_glass, glass_columns_a, glass_columns_b, glass_columns_a,
          glass_columns_b, dk_noncrumbling_3
D:4:      uniq_ijyb, uniq_edmund, uniq_crazy_yiuf_cottage
D:5:      kennysheep_little_box, first_ration, serial_shops, shop,
          elyvilon_altar_3
D:6:      grunt_temple_overflow_open, yredelemnul_forgotten_temple_becter,
          kennysheep_cluttered_room, uniq_pikel
D:7:      overflow_temple_1_default, lemuel_doored_altar, slow_altar_1,
          minmay_temple_entry_statues_pillars, ebering_ghost_rock_garden,
          grunt_livestock, hangedman_decor_lopped, uniq_duvessa
D:8:      nemelex_altar_shiori, led_sif_book, xom_redecorated,
          dk_noncrumbling_2, minmay_misc_feat_rows, uniq_grum
D:9:      david_lair_generic, hiddenorc1_lemuel
D:10:     uniq_maurice
Temple:   minmay_temple_bridge_abc
Lair:1:   serial_bayou_shore_b, minmay_lair_oklob_chamber, grunt_megastairs_5,
          uniq_gastronok

Skill      XL: |  1  2  3  4  5  6  7  8  9 10 11 |
---------------+----------------------------------+-----
Unarmed Combat | 4 5 6 7 8 10 11 13 | 13.6
Fighting       | 4 5 6 7 8 9 10 | 10.0
Armour         | 2 4 6 |  6.4
Invocations    | 4 |  4.8
Dodging        | |  2.6
Stealth        | |  2.1

Action                   |  1- 3 |  4- 6 |  7- 9 | 10-12 || total
-------------------------+-------+-------+-------+-------++-------
Melee: Unarmed           |    96 |   237 |   282 |   354 ||   969
       Punch             |       |       |     8 |    17 ||    25
 Fire: Blowgun           |       |       |       |    11 ||    11
Throw: Stone             |       |       |     2 |       ||     2
       Javelin           |       |       |       |     8 ||     8
Invok: Upheaval          |       |       |       |     8 ||     8
Evoke: Wand              |       |       |     5 |       ||     5
  Use: Scroll            |       |     5 |     5 |     4 ||    14
       Potion            |       |       |       |     1 ||     1
 Stab: Sleeping          |     2 |       |       |       ||     2
       Paralysed         |       |       |     3 |       ||     3
  Eat: Chunk             |     4 |     3 |    16 |    17 ||    40
Armor: Robe              |    10 |       |       |       ||    10
       Chain mail        |       |   137 |   127 |   259 ||   523
Dodge: Dodged            |    53 |    68 |    72 |   198 ||   391
Block: Other             |       |       |       |    61 ||    61

Table legend:
 A = Spawn XP
 B = Non-spawn XP
 C = Spawn XP percentage of total XP
 D = Spawn monster count
 E = Non-spawn monster count
 F = Spawn count percentage of total count
 G = Total turns spent on level
                    A         B        C        D         E        F      G
               +---------+---------+-------+---------+---------+-------+---------
         Total |       0 |   12761 |   0.0 |       0 |     251 |   0.0 | 10379
               +---------+---------+-------+---------+---------+-------+---------
           D:1 |       0 |      35 |   0.0 |       0 |      13 |   0.0 |   898
           D:2 |       0 |      98 |   0.0 |       0 |      33 |   0.0 |   551
           D:3 |       0 |     157 |   0.0 |       0 |      31 |   0.0 |   625
           D:4 |       0 |     360 |   0.0 |       0 |      22 |   0.0 |  1141
           D:5 |       0 |     506 |   0.0 |       0 |      14 |   0.0 |   687
           D:6 |       0 |    2007 |   0.0 |       0 |      25 |   0.0 |  1230
           D:7 |       0 |    2505 |   0.0 |       0 |      29 |   0.0 |  1720
           D:8 |       0 |    1678 |   0.0 |       0 |      34 |   0.0 |  1075
           D:9 |       0 |    2660 |   0.0 |       0 |      31 |   0.0 |  1080
          D:10 |       0 |    1118 |   0.0 |       0 |      13 |   0.0 |   768
        Lair:1 |       0 |    1637 |   0.0 |       0 |       6 |   0.0 |   524
               +---------+---------+-------+---------+---------+-------+---------
